 Dungeon Crawl Stone Soup version 0.29.1-4-g47bece8355 (webtiles) character file.

Game seed: 14252553862400359076

69 venomsnake the Trooper (level 4, -7/40 HPs)
             Began as a Minotaur Berserker on Dec 11, 2022.
             Was a Believer of Trog.
             Killed from afar by an orc wizard (9 damage)
             ... with a magic dart
             ... on level 3 of the Dungeon.
             The game lasted 00:05:01 (1657 turns).

venomsnake the Trooper (Minotaur Berserker)         Turns: 1657, Time: 00:05:02

Health: -7/40      AC:  6    Str: 23    XL:     4   Next: 2%
Magic:  3/3        EV: 11    Int:  4    God:    Trog [**....]
Gold:   102        SH:  0    Dex: 10    Spells: 3/3 levels left

rFire   . . .      SeeInvis .   a - +0 hand axe
rCold   . . .      Faith    .   (no shield)
rNeg    . . .      Spirit   .   o - +0 ring mail
rPois   .          Reflect  .   (helmet restricted)
rElec   .          Harm     .   (no cloak)
rCorr   +          Rampage  .   k - +0 pair of gloves
Will    .....                   (no boots)
Stlth   ..........              (no amulet)
HPRegen 0.13/turn               h - ring of resist corrosion
MPRegen 0.08/turn               (no ring)

@: no status effects
A: horns 2, retaliatory headbutt
a: Renounce Religion, Berserk, Trog's Hand


You were on level 3 of the Dungeon.
You worshipped Trog.
Trog was pleased with you.
You visited 1 branch of the dungeon, and saw 3 of its levels.

You collected 102 gold pieces.

Inventory:

Hand Weapons
 a - a +0 hand axe (weapon)
Armour
 b - a +0 animal skin
 k - a +0 pair of gloves (worn)
 o - a +0 ring mail (worn)
Jewellery
 h - a ring of resist corrosion (left hand)
Wands
 n - a wand of mindburst (15)
Scrolls
 c - 2 scrolls of teleportation {unknown}
 e - 2 scrolls of enchant weapon {unknown}
 i - 2 scrolls of identify {unknown}
 l - a scroll of blinking {unknown}
 p - a scroll of poison {unknown}
Potions
 d - 2 potions of brilliance {unknown}
 f - 2 potions of curing {unknown}
 g - 3 potions of haste {unknown}
 j - 2 potions of attraction {unknown}
 m - 2 potions of mutation {unknown}
 q - a potion of lignification {unknown}


   Skills:
 + Level 4.1 Fighting
 + Level 4.1 Axes
 + Level 3.2 Armour
 + Level 2.8 Dodging
 + Level 1.2 Evocations


You had 3 spell levels left.
You didn't know any spells.
Your spell library was empty.

Dungeon Overview and Level Annotations

Branches:
Dungeon (3/15)

Altars:

Shops:
D:3 [


Innate Abilities, Weirdness & Mutations

You have a pair of horns on your head.
You reflexively headbutt those who attack you in melee.


Message History

Trog accepts your kill. The orc hits you with a +0 war axe.
Things that are here:
a +0 mace; a +0 hand axe; an orc corpse You completely miss the orc.
The orc hits you with a +0 war axe! The orc barely misses you.
The orc priest looks satisfied for a moment.
You hit the orc but do no damage. Your headbutt misses the orc.
The orc hits you with a +0 war axe.
* * * LOW HITPOINT WARNING * * *
You hit the orc. You headbutt the orc.
You kill the orc!
Trog accepts your kill.
You hit the orc priest.
The orc priest is lightly wounded.
The orc priest barely misses you.
You barely miss the orc priest.
The orc priest is lightly wounded.
The orc priest hits you but does no damage.
You hit the orc priest.
The orc priest is heavily wounded.
The orc priest hits you with a +0 mace.
* * * LOW HITPOINT WARNING * * *
You hit the orc priest.
The orc priest is severely wounded.
The orc priest hits you with a +0 mace.
* * * LOW HITPOINT WARNING * * *
The orc wizard casts a spell.
The orc wizard flickers and vanishes!
Deactivating autopickup; reactivate with Ctrl-A.
You hit the orc priest.
You kill the orc priest!
Trog accepts your kill.
You have reached level 4!
You feel agile.
You miss something.
You hear some strange, mumbled words.
A magic dart appears from out of thin air!
The magic dart hits you!
You die...

## ... ..# ###..##
...?... .....
########..#
##########...∩.@{..#
.............####.#.....
.......<.....# ... ###
##########.### ....# #.#
o!#.# #.# o##.# #.# .# #
#.# .# #.#


There were no monsters in sight!

Vanquished Creatures
  An orc priest (D:3)
  A dart slug (D:3)
  3 orcs (D:3)
  3 ball pythons
  2 endoplasms
  3 giant cockroaches
  5 goblins
  3 hobgoblins
  2 kobolds
  2 bats (D:1)
  6 frilled lizards
  3 rats (D:1)
34 creatures vanquished.

Notes
Turn   | Place    | Note
-------+----------+-------------------------------------------
     0 | D:1      | venomsnake the Minotaur Berserker began the quest for the
                  | Orb.
     0 | D:1      | Reached XP level 1. HP: 19/19 MP: 0/0
   251 | D:1      | Found Dutovo's Book Shop.
   285 | D:1      | Reached XP level 2. HP: 27/27 MP: 1/1
  1416 | D:2      | Reached XP level 3. HP: 33/33 MP: 2/2
  1559 | D:3      | Found Geka's Antique Armour Shop.
  1567 | D:3      | Reached ** piety under Trog
  1568 | D:3      | Reached skill level 1 in Evocations
  1657 | D:3      | Reached XP level 4. HP: 2/40 MP: 3/3
  1657 | D:3      | Killed from afar by an orc wizard

Illustrated notes

Levels and vault maps discovered:
D:1:      dpeg_arrival_short_road, layout_basic, serial_shops,
          nicolae_lakefront_shop
D:2:      layout_rooms, amethyst_killhole
D:3:      layout_loops_ring, lemuel_tele_altar, serial_shops, shop, shop,
          nicolae_shop_behind_doors, shop_statue

Skill      XL: |  1  2  3 |
---------------+----------+-----
Fighting       | 4 |  4.1
Axes           | 4 |  4.1
Armour         | 3 |  3.2
Evocations     | 1 |  1.2
Dodging        | |  2.8

Action                   |  1- 3 |  4- 6 || total
-------------------------+-------+-------++-------
Melee: Hand axe          |    67 |     1 ||    68
       Headbutt          |     9 |       ||     9
Throw: Stone             |     4 |       ||     4
Armor: Animal skin       |    12 |       ||    12
       Ring mail         |     1 |       ||     1
Dodge: Dodged            |    45 |       ||    45
